 Dungeon Sprint DCSS version 0.05.1-2-g93bfe95158 (webtiles) character file.

Game seed: 1749461655237543363, levelgen mode: deterministic

5152 diana the Tainter (level 10, -2/77 HPs) Octopode Venom Mage. Began on May 29, 2021. Was the Champion of Vehumet. Slain by a spiny frog (15 damage) ... while paralysed ... in the Dungeon (Sprint V: "Ziggurat Sprint"). The game lasted 00:08:45 (537 turns).

diana the Tainter (Octopode Venom Mage)              Turns: 537, Time: 00:08:46

Health: -2/77      AC: 17    Str: 21    XL:     10 ^: 1867
Magic:  18/25      EV:  2    Int: 32    God:    Vehumet [6* [198]]
Gold:   0          SH:  0    Dex: 26    Spells: 5/31 levels left

rFire    + . .     Vision   .   J - +6 menacing staff of poison
rCold    . . .     Gourm    .   (no weapon)
rNeg     + + +     Faith    .   (helmet restricted)
rPois    ∞         Spirit   .   (no amulet)
rElec    .         Reflect  .   s - ring of dexterity
rCorr    +         Harm     .   t - ring of dexterity
MR       .....     NoTele   +   u - ring of intelligence
Stlth    ++++++....             v - ring of intelligence
HPRegen  0.35/turn              w - ring of strength
MPRegen  0.35/turn              x - ring of strength
                                G - ring "Faonat" {rN+ Str+4 Dex+4}
                                I - ring "Konerph" {rF+ rCorr Slay+5 Stlth+}

@: petrified
A: almost no armour, stealthy swim, amphibious, 8 rings, constrict 8, camouflage
1, AC +1
a: Renounce Religion


You were in the Dungeon.
You worshipped Vehumet.
Vehumet was exalted by your worship.
You were not hungry.

You visited 1 branch

Inventory:

Weapons
 D - the +7 great mace "Firestarter" {inner flame, rF++}
   (You found it in the Dungeon)

   Its malleable surface is completely molten, allowing it to meld around and
   partially ignore armour.
   Causes less base damage than a standard weapon; but partially ignores enemy's
   defense and burns causing additional damage to those that don't resist heat.
   It greatly protects you from fire.
Magical Staves
 E - the +6 Majin-Bo {vampiric, corrupt archmagi; MP+6 Int+6}
   (You found it in the Dungeon)

   [staff of ]

   Base accuracy: +5 Base damage: 5 Base attack delay: 1.2 This weapon's minimum
   attack delay (0.6) is reached at skill level 12.
   The minimum and maximum damage of damaging spells cast with this staff are
   significantly increased.
   It falls into the 'Staves' category.
   It is one handed.
   Its enchantment grants additive spellpower to the spells it enhances.
 J - a +6 menacing staff of poison (weapon)
 M - a +7 staff of fire
Jewellery
 s - a ring of dexterity (left tentacle)
 t - a ring of dexterity (right tentacle)
 u - a ring of intelligence (on tentacle)
 v - a ring of intelligence (on tentacle)
 w - a ring of strength (on tentacle)
 x - a ring of strength (on tentacle)
 F - the amulet "Mozxie" {-Vis +Blink rPois MP+9 Stlth-}
   (You found it in the Dungeon)

   [amulet of reduced vision]

   It blurs your vision.
   It protects you from poison.
   It affects your magic capacity (+9).
   It blurs your vision.
   It lets you blink.
   It makes you less stealthy.
 G - the ring "Faonat" (on tentacle) {rN+ Str+4 Dex+4}
   (You found it in the Dungeon)

   [ring of positive energy]

   It affects your strength (+4).
   It affects your dexterity (+4).
   It protects you from negative energy.
 H - an uncursed ring of strength
 I - the ring "Konerph" (on tentacle) {rF+ rCorr Slay+5 Stlth+}
   (You found it in the Dungeon)

   [ring of resist corrosion]

   It affects your accuracy and damage with ranged weapons and melee attacks
   (+5).
   It protects you from fire.
   It provides partial protection from all sources of acid and corrosion.
   It makes you more stealthy.
 K - an uncursed ring of dexterity
Wands
 k - a wand of flame (1)
 y - a wand of disintegration (7)
 z - a wand of iceblast (7)
 A - a wand of acid (7)
Scrolls
 h - 4 scrolls of blinking
 n - 3 scrolls of amnesia
 o - 8 scrolls of fog
 p - a scroll of holy word
 q - 6 scrolls of bless item
 r - 2 scrolls of fear
Potions
 a - 2 potions of brilliance
 c - 10 potions of curing
 d - 10 potions of heal wounds
 e - 10 potions of haste
 f - 7 potions of magic
 g - 3 potions of berserk rage
 i - 2 potions of invisibility
 j - 4 potions of resistance
 l - 5 potions of agility
 m - 5 potions of might
Miscellaneous
 B - a lightning rod (4/4)
 C - a crystal ball of energy
 L - 2 phantom mirrors
Comestibles
 b - 7 rations


   Skills:
 + Level 10.8 Fighting
 + Level 10.8 Maces & Staves
 + Level 11.2 Dodging
 - Level 2.6 Stealth
 + Level 11.1 Spellcasting
 + Level 4.3 Summonings
 + Level 4.3 Ice Magic
 + Level 10.9 Air Magic
 - Level 11.6 Poison Magic


You had 5 spell levels left.
You knew the following spells:

 Your Spells              Type           Power        Failure   Level  Hunger
a - Poisonous Vapours     Pois/Air       50 (50)      1%          1    None
b - Olgreb's Toxic Radia  Pois           100 (100)    1%          4    None
c - Ignite Poison         Fire/Tmut      17 (100)     2%          3    None
e - Summon Forest         Summ/Erth      31 (200)     30%         5    ##.....
f - Summon Butterflies    Summ           45 (100)     1%          1    None
g - Freezing Cloud        Ice/Air        61 (200)     5%          6    ####...
h - Bolt of Cold          Ice            45 (200)     19%         6    ####...

Your spell library contained the following spells:

 Spells                   Type           Power        Failure   Level  Hunger
 Flame Tongue             Fire           17 (30)      1%          1    None
 Foxfire                  Fire           17 (25)      1%          1    None
 Freeze                   Ice            25 (25)      1%          1    None
 Ensorcelled Hibernation  Hex/Ice        31 (50)      1%          2    None
 Searing Ray              Fire           17 (50)      1%          2    None
 Sting                    Pois           25 (25)      1%          2    None
 Throw Frost              Ice            45 (50)      1%          2    None
 Blinding Spray           Hex/Pois       50 (50)      1%          3    None
 Mephitic Cloud           Pois/Air       100 (100)    1%          3    None
 Hailstorm                Ice            45 (100)     1%          4    None
 Sticky Flame             Fire/Pois      88 (100)     1%          4    None
 Throw Icicle             Ice            45 (100)     1%          4    None
 Magic Candle             Hex/Fire       17 (90)      2%          1    None
 Stone Arrow              Erth           17 (50)      2%          3    None
 Ozocubu's Armour         Chrm/Ice       31 (100)     3%          3    None
 Corpse Rot               Tmut/Necr      N/A          4%          2    None
 Summon Ice Beast         Ice/Summ       45 (100)     4%          4    None
 Fulminant Prism          Hex            17 (200)     8%          4    None
 Confuse                  Hex            17 (100)     9%          3    None
 Tukima's Dance           Hex            17 (100)     9%          3    None
 Fireball                 Fire           17 (200)     21%         5    ##.....
 Yara's Violent Unravell  Hex/Tmut       17 (200)     21%         5    ##.....
 Simulacrum               Ice/Necr       31 (200)     86%         6    ####...
 Death Channel            Chrm/Necr      17 (200)     99%         6    ####...
 Malign Gateway           Summ/Tloc      31 (200)     100%        7    ######.


Dungeon Overview and Level Annotations

Branches:
Dungeon (1/1)

Altars:
Ashenzari
Cheibriados
Dithmenos
Elyvilon
Fedhas Madash
Gozag Ym Sagoz
Hepliaklqana
Kikubaaqudgha
Makhleb
Nemelex Xobeh
Okawaru
Qazlal
Ru
Sif Muna
Trog
Uskayaw
Vehumet
Wu Jian
Xom
Yredelemnul
Zin
The Shining One Bahamut & Tiamat
Beogh
Jiyva
Lugonu


Innate Abilities, Weirdness & Mutations

You cannot wear most types of armour.
You are very stealthy in the water. (Stealth+)
Your gelatinous body is resilient. (AC +1, EV +1)
You are amphibious.
You can wear up to eight rings at the same time.
You can use your tentacles to constrict six enemies at once.
Your skin changes colour to match your surroundings (Stealth++).


Message History

Unknown command.
Unknown command.
Casting: Ignite Poison (safe; 2% risk of failure)
Confirm with . or Enter, or press ? or * to list all spells.
You feel a surge of power!
You begin to radiate toxic energy.
The spiny frog hits you but does no damage.
You have turned to stone.
The spiny frog hits you but does no damage.
The spiny frog hits you (17)! The spiny frog hits you (13)!
Your toxic aura wanes.
The spiny frog hits you (8)! The spiny frog hits you (4).
The spiny frog hits you (2). The spiny frog hits you (5).
The spiny frog hits you (7)!
* * * LOW HITPOINT WARNING * * *
The spiny frog hits you (10)!
* * * LOW HITPOINT WARNING * * *
The spiny frog hits you (15)!
You die...

▓..8©8..▓
▓..[§○§:..▓...†...▓
▓...§§§...▓..)])..▓
▓..†§§§...▓....†..▓
▓...§.....▓....††.▓
▓.........▓.......▓
▓.........▓...†...▓
▓.▓..F..▓.▓.......▓
▓....@....▓...©...▓
▓▓▓▓▓▓▓▓▓▓▓▓▓▓▓▓▓▓▓


You could see a spiny frog.

Vanquished Creatures
  3 deep elf knights (D)
  A deep elf mage (D)
  A shining eye (D)
  A wolf spider (D)
  A jumping spider (D)
  Sigmund (D)
  2 tarantellas (D)
  A basilisk (D)
  A golden eye (D)
  A redback (D)
  2 slime creatures (D)
  6 scorpions (D)
  A floating eye (D)
  An eye of draining (D)
  A wolf (D)
  A bullfrog (D)
  2 quasits (D)
  2 jellies (D)
  Jessica (D)
  An iron imp (D)
  A sewer rat (D)
  5 oozes (D)
  An adder zombie (D)
  3 jackals (D)
  A jackal zombie (D)
  2 leopard gecko zombies (D)
44 creatures vanquished.

Notes
Turn   | Place    | Note
-------+----------+-------------------------------------------
     0 | D        | diana the Octopode Venom Mage began the quest for the Orb.
     0 | D        | Reached XP level 1. HP: 11/11 MP: 3/3
     0 | D        | Found a shimmering blue altar of Sif Muna.
     0 | D        | Found a sacrificial altar of Ru.
     0 | D        | Found a bloodstained altar of Trog.
     0 | D        | Found a stormy altar of Qazlal.
     0 | D        | Found an iron altar of Okawaru.
     0 | D        | Found a sparkling altar of Nemelex Xobeh.
     0 | D        | Found a blossoming altar of Fedhas.
     1 | D        | Found the +6 Majin-Bo {vampiric, corrupt archmagi; MP+6
                  | Int+6}
     1 | D        | Found the +9 ballista "Sniper" {velocity, Acc+∞ +Vis}
     1 | D        | Found the +10 dark maul {crush}
     1 | D        | Found the +15 Maxwell's patent armour {-Cast -Tele rElec
                  | MR+ rCorr}
     1 | D        | Found the +18 shield of the Gong {rElec rN+ MR+ EV-5}
     1 | D        | Found the +14 obsidian axe {chop, +Fly +Vis Soulbond}
     1 | D        | Found the +7 great mace "Firestarter" {inner flame, rF++}
     1 | D        | Found the +6 shillelagh "Devastator" {shatter}
     1 | D        | Found the +11 plutonium sword {*Contam Stlth-}
     1 | D        | Found the +8 lance "Wyrmbane" {slay drac, rPois rF+ rC+
                  | AC+3}
     1 | D        | Found the +9 sword of Zonguldrok {reap}
     1 | D        | Found the +13 scythe of Curses {drain, Soulbond}
     1 | D        | Found the +0 sword of Power
     1 | D        | Found the +7 mace of Variability {chain chaos}
     1 | D        | Found the +7 Singing Sword {slice, sonic wave}
     1 | D        | Found the +8 storm bow {elec, penet}
     2 | D        | Found a transporter.
     2 | D        | Found an ancient bone altar of Kikubaaqudgha.
     2 | D        | Found a viscous altar of Jiyva.
     2 | D        | Found a corrupted altar of Lugonu.
     2 | D        | Found a hazy altar of Hepliaklqana.
     2 | D        | Found a burning altar of Makhleb.
     2 | D        | Found an opulent altar of Gozag.
    40 | D        | Became a worshipper of Vehumet
    69 | D        | Reached skill level 5 in Poison Magic
    69 | D        | Reached XP level 2. HP: 21/21 MP: 4/7
    88 | D        | Entered arena 2.
    88 | D        | Noticed Sigmund
    88 | D        | Noticed Jessica
    88 | D        | Found a transporter.
    90 | D        | Killed Jessica
    90 | D        | Reached XP level 3. HP: 26/26 MP: 8/8
    92 | D        | Killed Sigmund
    92 | D        | Reached skill level 5 in Fighting
    92 | D        | Reached skill level 5 in Maces & Staves
    92 | D        | Reached skill level 5 in Dodging
    92 | D        | Reached skill level 5 in Spellcasting
    92 | D        | Reached skill level 5 in Air Magic
    92 | D        | Reached XP level 4. HP: 35/35 MP: 8/11
    92 | D        | Reached XP level 5. HP: 39/39 MP: 9/13
   115 | D        | Learned a level 4 spell: Olgreb's Toxic Radiance
   119 | D        | Learned a level 3 spell: Ignite Poison
   121 | D        | Entered arena 3.
   121 | D        | Found a transporter.
   124 | D        | Reached * piety under Vehumet
   124 | D        | Offered knowledge of Foxfire by Vehumet.
   124 | D        | Reached XP level 6. HP: 45/45 MP: 15/15
   132 | D        | Got the amulet "Mozxie" {-Vis +Blink rPois MP+9 Stlth-}
   134 | D        | Got the ring "Faonat" {rN+ Str+4 Dex+4}
   175 | D        | Learned a level 3 spell: Mephitic Cloud
   176 | D        | Entered arena 4.
   176 | D        | Noticed a deep elf knight
   176 | D        | Noticed a deep elf mage
   176 | D        | Noticed a deep elf knight
   176 | D        | Noticed a deep elf knight
   176 | D        | Found a transporter.
   179 | D        | Killed a deep elf mage
   179 | D        | Reached ** piety under Vehumet
   179 | D        | Offered knowledge of Freeze by Vehumet.
   179 | D        | Reached XP level 7. HP: 54/54 MP: 9/18
   179 | D        | Killed a deep elf knight
   179 | D        | Reached skill level 10 in Poison Magic
   179 | D        | Reached XP level 8. HP: 61/61 MP: 14/20
   180 | D        | Killed a deep elf knight
   180 | D        | Offered knowledge of Searing Ray by Vehumet.
   180 | D        | Reached XP level 9. HP: 67/67 MP: 13/22
   180 | D        | Killed a deep elf knight
   207 | D        | Entered arena 5.
   207 | D        | Found a transporter.
   210 | D        | Reached *** piety under Vehumet
   212 | D        | Offered knowledge of Stone Arrow by Vehumet.
   220 | D        | Got the ring "Konerph" {rF+ rCorr Slay+5 Stlth+}
   227 | D        | Got the Incunabulum of the Volcanoes
   234 | D        | Learned a level 5 spell: Summon Forest
   236 | D        | Learned a level 1 spell: Summon Butterflies
   248 | D        | Entered arena 6.
   248 | D        | Found a transporter.
   249 | D        | Reached **** piety under Vehumet
   249 | D        | Offered knowledge of Yara's Violent Unravelling by Vehumet.
   249 | D        | Reached skill level 10 in Dodging
   249 | D        | Reached skill level 10 in Spellcasting
   250 | D        | Reached skill level 10 in Air Magic
   250 | D        | Reached ***** piety under Vehumet
   250 | D        | Offered knowledge of Freezing Cloud by Vehumet.
   263 | D        | Got the Incunabulum of the Volcanoes
   273 | D        | Learned a level 6 spell: Freezing Cloud
   275 | D        | Entered arena 7.
   275 | D        | Noticed a shining eye
   280 | D        | Found a transporter.
   281 | D        | Reached skill level 10 in Fighting
   281 | D        | Reached skill level 10 in Maces & Staves
   282 | D        | Killed a shining eye
   282 | D        | Reached skill level 1 in Ice Magic
   282 | D        | Reached XP level 10. HP: 76/76 MP: 21/24
   353 | D        | Entered arena 8.
   355 | D        | Reached ****** piety under Vehumet
   356 | D        | Offered knowledge of Fireball by Vehumet.
   357 | D        | Found a transporter.
   440 | D        | Entered arena 9.
   449 | D        | Found a transporter.
   450 | D        | Offered knowledge of Bolt of Cold by Vehumet.
   499 | D        | Learned a level 6 spell: Bolt of Cold
   525 | D        | Entered arena 10.
   537 | D        | Slain by a spiny frog

Levels and vault maps discovered:
D:        sprint_v [room_start, room_1, room_2, room_3, room_4, room_5, room_6,
          room_7, room_8, room_9, room_10, room_11, room_12, room_13, room_14,
          room_15, room_16, room_17, room_18, room_19, room_20, room_21,
          room_22, room_23, room_24, room_25, room_26, room_27]

Skill      XL: |  1  2  3  4  5  6  7  8  9 10 |
---------------+-------------------------------+-----
Fighting       | 3 5 7 8 10 | 10.8
Maces & Staves | 3 5 7 8 10 | 10.8
Dodging        | 3 5 7 8 9 10 11 | 11.2
Spellcasting   | 4 5 6 7 8 9 10 11 | 11.1
Air Magic      | 3 5 7 8 9 10 | 10.9
Poison Magic   | 5 6 7 9 10 11 | 11.6
Summonings     | 2 4 |  4.3
Ice Magic      | 1 4 |  4.3
Stealth        | |  2.6

Action                   |  1- 3 |  4- 6 |  7- 9 | 10-12 || total
-------------------------+-------+-------+-------+-------++-------
Melee: Great mace        |       |     1 |     4 |       ||     5
       Unarmed           |       |     1 |       |     5 ||     6
       Constrict         |       |     1 |       |       ||     1
       Tentacle Smack    |       |     1 |       |       ||     1
       Staff             |       |       |       |     6 ||     6
       Tentacle Squeeze  |       |       |       |     5 ||     5
 Cast: Ignite Poison     |       |     1 |     4 |     4 ||     9
       Olgreb's Toxic Ra |       |     1 |     2 |     5 ||     8
       Summon Butterflie |       |       |     2 |       ||     2
       Freezing Cloud    |       |       |       |     4 ||     4
Evoke: Lightning rod     |     3 |     4 |       |       ||     7
  Use: Potion            |     1 |       |       |       ||     1
       Scroll            |       |       |       |     1 ||     1
 Stab: Sleeping          |       |       |     1 |       ||     1
Armor: Skin              |       |       |       |     3 ||     3
Dodge: Dodged            |     1 |       |     3 |     1 ||     5
